 Dungeon Crawl Stone Soup version 0.19-a0-276-g3ff07cd (webtiles) character file.

64 Ordine the Changer (level 4, 0/28 HPs)
             Began as an Octopode Transmuter on May 26, 2016.
             Slain by Crazy Yiuf
             ... wielding a +4 quarterstaff of chaos
              (16 damage)
             ... on level 2 of the Dungeon.
             The game lasted 00:07:12 (2072 turns).

Ordine the Changer (Octopode Transmuter)            Turns: 2072, Time: 00:07:12

Health: 0/28       AC:  2    Str:  9    XL:     4   Next: 12%
Magic:  5/7        EV: 19    Int: 16    God:
Gold:   130        SH:  0    Dex: 17    Spells: 2 memorised, 3 levels left

rFire  . . .     SeeInvis .       - Unarmed
rCold  . . .     Gourm    .     (shield currently unavailable)
rNeg   . . .     Faith    .     (helmet currently unavailable)
rPois  x         Spirit   .     (no amulet)
rElec  .         Dismiss  .     (no ring)
rCorr  .         Reflect  .     (no ring)
SustAt .         Harm     .     (no ring)
MR     .....                    (no ring)
Stlth  +.........               (no ring)
                                (no ring)
                                (no ring)
                                (no ring)

@: confused, spider-form (expiring), drained, not resistant to hostile
enchantments, very unstealthy
A: almost no armour, (amphibious), 8 rings, (constrict 8), (camouflage 0),
(gelatinous body 0)
a: End Transformation


You were on level 2 of the Dungeon.
You were hungry.
You were a venomous arachnid creature.
You visited 1 branch of the dungeon, and saw 2 of its levels.

You collected 130 gold pieces.

Inventory:

Missiles
 a - 47 arrows
 g - 41 stones (quivered)
Scrolls
 e - a scroll of enchant weapon {unknown}
 f - a scroll of magic mapping
 l - a scroll of teleportation
Potions
 d - a potion of brilliance {unknown}
 i - a potion of resistance
 m - a potion of lignification {unknown}
Books
 b - a book of Changes

   Spells                             Type                      Level
   a - Beastly Appendage              Transmutation                1
   b - Sticks to Snakes               Transmutation                2
   c - Spider Form                    Transmutation/Poison         3
   d - Ice Form                       Ice/Transmutation            4
   e - Blade Hands                    Transmutation                5
Comestibles
 c - 2 bread rations
 j - a beef jerky


   Skills:
 - Level 1.0(0.7) Fighting
 - Level 2.0(1.7) Dodging
 + Level 3.5(3.2) Unarmed Combat
 - Level 2.0(1.7) Spellcasting
 * Level 3.8(3.5) Transmutations


You had 3 spell levels left.
You knew the following spells:

 Your Spells              Type           Power        Failure   Level  Hunger
a - Beastly Appendage     Tmut           ##....       21%         1    ##.....
b - Spider Form           Tmut/Pois      #.........   56%         3    ####...


Dungeon Overview and Level Annotations

Branches:
Dungeon (2/15)

Altars:
Nemelex Xobeh
Xom
The Shining One

Annotations:
D:2 Crazy Yiuf, Robin, Terence


Innate Abilities, Weirdness & Mutations

You cannot wear most types of armour.
((You are amphibious.))
You can wear up to eight rings at the same time.
((You can use your tentacles to constrict eight enemies at once.))
((Your skin changes colour to match your surroundings (Stealth+).))
((Your rubbery body absorbs attacks. (AC +1)))


Message History

Crazy Yiuf is lightly wounded.
Crazy Yiuf hits you with a quarterstaff of chaos.
You are confused.
You are too confused!
You barely miss Crazy Yiuf.
Crazy Yiuf is lightly wounded.
You closely miss Crazy Yiuf.
Crazy Yiuf is moderately wounded.
Crazy Yiuf barely misses you.
You hit Crazy Yiuf.
Crazy Yiuf looks even sicker.
Crazy Yiuf is heavily wounded.
Crazy Yiuf barely misses you.
You barely miss Crazy Yiuf.
Crazy Yiuf is heavily wounded.
Your transformation is almost over.
Crazy Yiuf hits you with a quarterstaff of chaos.
You feel drained.
Crazy Yiuf hits you with a quarterstaff of chaos!
Ouch! That really hurt!
You die...

# .#### ...
#.#####
##.....## #
#.......#
##### ##.
##...#..#
#..)# #.#
.#.
#####.#.#
#sg.# #..
###...
##...#.#.#
#...# #..
#.....
.......#.#
##.##
#..###.#..#
....)..#.#
♣♣.♣
#.........#
.......#..
♣.♣♣
##........#
.......###
♣♣.♣
#...##..>.#
#...(.##
♣.♣♣
#......>...
.......#
♣♣.♣
#.###....#.
.S.....#
♣..♣♣♣
###........


You could see Crazy Yiuf.

Vanquished Creatures
  An adder (D:2)
  An ooze (D:1)
  A dart slug (D:1)
  3 giant geckos
  A ball python (D:1)
  A giant cockroach (D:1)
  5 goblins
  8 hobgoblins
  3 jackals (D:1)
  5 kobolds
  A quokka (D:1)
  3 bats
  4 giant newts
  6 rats
43 creatures vanquished.

Notes
Turn   | Place    | Note
--------------------------------------------------------------
     0 | D:1      | Ordine the Octopode Transmuter began the quest for the Orb.
     0 | D:1      | Reached XP level 1. HP: 13/13 MP: 3/3
   222 | D:1      | Reached XP level 2. HP: 13/18 MP: 5/5
   539 | D:1      | Found a shimmering altar of Xom.
   585 | D:1      | Reached XP level 3. HP: 19/23 MP: 6/6
   723 | D:1      | Learned a level 3 spell: Spider Form
  1453 | D:2      | Found a sparkling altar of Nemelex Xobeh.
  1453 | D:2      | Noticed Robin
  1453 | D:2      | Noticed Terence
  1645 | D:2      | Found a glowing golden altar of the Shining One.
  1788 | D:1      | Reached XP level 4. HP: 18/28 MP: 5/7
  2060 | D:2      | Noticed Crazy Yiuf
  2072 | D:2      | Slain by Crazy Yiuf

Vault maps used:
D:1:      onia_arrival_larder, xom_teletrap_fun
D:2:      nicolae_tso_swordbearing_angel, marbit_many_paths, lemuel_round_altar,
          corexii_shack, nrook_mini_vaults, nemelex_xobeh_ov_fountains_minmay,
          uniq_robin, uniq_crazy_yiuf_cottage, uniq_terence

Skill      XL: |  1  2 |
---------------+-------+-----
Transmutations | 3 |  3.8
Fighting       | |  1.0
Dodging        | |  2.0
Unarmed Combat | |  3.5
Spellcasting   | |  2.0

Action                   |  1- 3 |  4- 6 || total
-------------------------+-------+-------++-------
Melee: Unarmed           |    78 |    15 ||    93
       Constrict         |    20 |     2 ||    22
       Tentacles         |    13 |     1 ||    14
       Kick              |     8 |     1 ||     9
       Punch             |     2 |       ||     2
 Cast: Beastly Appendage |     6 |       ||     6
       Spider Form       |       |     1 ||     1
  Use: Scroll            |     8 |       ||     8
       Potion            |     1 |       ||     1
 Stab: Sleeping          |     6 |       ||     6
  Eat: Chunk             |     3 |       ||     3
Armor: Skin              |     8 |     3 ||    11
Dodge: Dodged            |    54 |    10 ||    64
